 Dungeon Crawl Stone Soup version 0.28-a0-580-ga2639ab843 (webtiles) character file.

Game seed: 13766531368674921414

84 KoroneIsBestGirl the Chiller (level 4, -18/30 HPs)
             Began as a Barachi Ice Elementalist on Oct 2, 2021.
             Killed by an exploding endoplasm (48 damage)
             ... ignited by their inner flame
             ... on level 2 of the Dungeon.
             The game lasted 00:02:28 (1950 turns).

KoroneIsBestGirl the Chiller (BaIE)                 Turns: 1950, Time: 00:02:30

Health: -18/30     AC:  2    Str:  9    XL:     4   Next: 45%
Magic:  7/8        EV: 13    Int: 16    God:
Gold:   56         SH:  0    Dex: 13    Spells: 5/9 levels left

rFire   . . .      SeeInvis .   c - +0 short sword (vamp)
rCold   . . .      Faith    .   (no shield)
rNeg    . . .      Spirit   .   a - +0 robe
rPois   .          Reflect  .   (no helmet)
rElec   .          Harm     .   (no cloak)
rCorr   .          Rampage  .   (no gloves)
Will    .....                   (no boots)
Stlth   ++........              (no amulet)
HPRegen 0.10/turn               (no ring)
MPRegen 0.11/turn               (no ring)

@: slow
A: amphibious, slowness 1, strong legs 1, +LOS
a: Hop


You were on level 2 of the Dungeon.
You visited 1 branch of the dungeon, and saw 2 of its levels.

You collected 56 gold pieces.

Inventory:

Hand Weapons
 b - a +0 short sword
 c - a +0 vampiric short sword (weapon)
Armour
 a - a +0 robe (worn)
Jewellery
 d - a ring of wizardry
Scrolls
 e - a scroll of enchant weapon {unknown}
 f - a scroll of silence {unknown}
 h - a scroll of teleportation {unknown}
 i - a scroll of immolation
Potions
 g - a potion of might {unknown}
 j - 2 potions of curing {unknown}


   Skills:
 + Level 3.3 Dodging
 - Level 1.7 Stealth
 + Level 3.2 Spellcasting
 + Level 5.6 Ice Magic


You had 5 spell levels left.
You knew the following spells:

 Your Spells              Type           Power      Damage    Failure   Level
a - Freeze                Ice            80%        1d9       1%          1
b - Frozen Ramparts       Ice            40%        1d6       5%          3

Your spell library contained the following spells:

 Spells                   Type           Power      Damage    Failure   Level
 Ozocubu's Armour         Ice            20%        N/A       5%          3
 Hailstorm                Conj/Ice       11%        3d5       50%         4


Dungeon Overview and Level Annotations

Branches:
Dungeon (2/15)

Altars:


Innate Abilities, Weirdness & Mutations

You are amphibious.
You cover ground slowly.
You can hop short distances.
You have an extended range of vision and can be seen from far away.


Message History

Found a leather armour.
i - 2 scrolls labelled FAMOOR YTEIKHIFF (gained 1)
You now have 56 gold pieces (gained 3).
You open the door.
There is an open door here.
You open the door.
There is an open door here.
A dart slug comes into view.
The dart slug launches a dart at you. The slug dart hits you.
The dart slug bites you.
You freeze the dart slug!
The dart slug is almost dead.
The dart slug bites you.
You freeze the dart slug.
You kill the dart slug!
There is an open door here.
There is an open door here.
There is an open door here.
You open the door.
An endoplasm comes into view.
The endoplasm moves out of view.
Things that are here:
a +0 dagger; a +0 leather armour
Things that are here:
a +0 dagger; a +0 ring mail
Things that are here:
a +0 dagger; a +0 leather armour The endoplasm quivers.
There is an open door here.
As you read the scroll labelled FAMOOR YTEIKHIFF, it crumbles to dust.
The creatures around you are filled with an inner flame!
It was a scroll of immolation.
You freeze the endoplasm.
Flame seeps out of the endoplasm.
The endoplasm is heavily wounded.
The endoplasm is engulfed in blazing flames.
The endoplasm explodes!
The tree burns like a torch!
The fiery explosion engulfs you!!!
Ouch! That really hurt!
You die...

♣♣♣♣ ♣... #♣..♣ ###§.♣
#.'@○♣ ###.#§§§♣
#...#♣♣.... #...## ♣♣♣♣♣
########## #....#######
.........# #..........###
.........###............#
.........'.'..........#.#
.........###......).....#


There were no monsters in sight!

Vanquished Creatures
  An orc wizard (D:2)
  An adder (D:2)
  3 dart slugs
  4 orcs (D:2)
  4 endoplasms
  5 giant cockroaches
  5 hobgoblins
  4 kobolds (D:1)
  2 quokkas (D:1)
  3 ball pythons
  2 bats (D:1)
  4 rats
38 creatures vanquished.

Notes
Turn   | Place    | Note
-------+----------+-------------------------------------------
     0 | D:1      | KoroneIsBestGirl the Barachi Ice Elementalist began the
                  | quest for the Orb.
     0 | D:1      | Reached XP level 1. HP: 13/13 MP: 3/3
   186 | D:1      | Reached skill level 5 in Ice Magic
   366 | D:1      | Reached XP level 2. HP: 19/19 MP: 0/5
   960 | D:1      | Reached XP level 3. HP: 20/24 MP: 1/7
  1052 | D:1      | Learned a level 3 spell: Frozen Ramparts
  1487 | D:2      | Reached XP level 4. HP: 14/30 MP: 1/8
  1950 | D:2      | Killed by an exploding endoplasm... ignited by their inner
                  | flame

Illustrated notes

Levels and vault maps discovered:
D:1:      minmay_arrival_cross, layout_basic, corexii_leaking_fountain
D:2:      layout_basic, shapermc_ecumenical_altar_notcrosses,
          kennysheep_another_room, kennysheep_flooded_box, minmay_misc_feat_rows

Skill      XL: |  1  2  3 |
---------------+----------+-----
Ice Magic      | 5 |  5.6
Dodging        | 3 |  3.3
Spellcasting   | 3 |  3.2
Stealth        | |  1.7

Action                   |  1- 3 |  4- 6 || total
-------------------------+-------+-------++-------
Melee: Unarmed           |    10 |       ||    10
       Short sword       |    10 |    14 ||    24
 Cast: Freeze            |    38 |    12 ||    50
       Frozen Ramparts   |     1 |       ||     1
  Use: Scroll            |       |     1 ||     1
Armor: Robe              |    14 |     3 ||    17
Dodge: Dodged            |    55 |    16 ||    71

Table legend: (Time is in decaauts)
 A = Elapsed time spent in this place.
 B = Non-inter-level travel time spent in this place.
 C = Inter-level travel time spent in this place.
 D = Time resting spent in this place.
 E = Time spent auto-exploring this place.
 F = Levels seen in this place.
 G = Mean time per level.
                   A        B        C        D        E       F      G
               +--------+--------+--------+--------+--------+-----+--------+
         Total |   2099 |   2031 |     68 |      0 |   1768 |   2 | 1049.5 |
       Dungeon |   2099 |   2031 |     68 |      0 |   1768 |   2 | 1049.5 |
               +--------+--------+--------+--------+--------+-----+--------+

Top non-repeatable levels by time:
     D:1: 1583 daAuts
     D:2: 516 daAuts
